 Dungeon Crawl Stone Soup version 0.28-a0-823-gb444dcf96d (webtiles) character file.

Game seed: 2058383976539211488

6605 siradein the Fighter (level 10, 0/82 HPs)
             Began as a Demonspawn Fighter on Nov 9, 2021.
             Was a Follower of Ru.
             Hit by a stone thrown by a skeletal warrior (4 damage)
             ... on level 8 of the Dungeon.
             The game lasted 00:13:15 (7221 turns).

siradein the Fighter (Demonspawn Fighter)           Turns: 7221, Time: 00:13:16

Health: 0/82       AC: 15    Str: 24    XL:     10   Next: 71%
Magic:  10/10      EV: 10    Int:  9    God:    Ru [*.....]
Gold:   289        SH:  6    Dex: 15    Spells: 9/9 levels left

rFire   . . .      SeeInvis .   H - +0 morningstar
rCold   . . .      Faith    .   c - +0 buckler
rNeg    + . .      Spirit   .   b - +0 scale mail
rPois   .          Reflect  .   p - +1 helmet
rElec   .          Harm     .   k - +0 cloak
rCorr   .          Rampage  .   (no gloves)
Will    .....                   t - +0 pair of boots
Stlth   ..........              n - amulet of regeneration
HPRegen 1.23/turn               q - ring of positive energy
MPRegen 0.12/turn               E - +6 ring of strength

@: no status effects
A: claws 2, molten scales 1, demonic guardian 1, ignite blood 3, no conjurations
magic, no ice magic, no transmutations magic
a: Renounce Religion


You were on level 8 of the Dungeon.
You worshipped Ru.
Ru was aware of your devotion.
You visited 2 branches of the dungeon, and saw 9 of its levels.
You also visited: Ossuary.

You collected 333 gold pieces.
You spent 44 gold pieces at shops.

Inventory:

Hand Weapons
 H - a +0 morningstar (weapon)
Missiles
 e - 4 boomerangs
 s - 4 javelins
 v - 40 poisoned darts (quivered)
 I - a throwing net
Armour
 b - a +0 scale mail (worn)
 c - a +0 buckler (worn)
 k - a +0 cloak (worn)
 p - a +1 helmet (worn)
 t - a +0 pair of boots (worn)
Jewellery
 h - a ring of resist corrosion
 n - an amulet of regeneration (around neck)
 q - a ring of positive energy (left claw)
 x - a +6 ring of intelligence
 E - a +6 ring of strength (right claw)
Wands
 f - a wand of flame (15)
Scrolls
 a - a scroll of amnesia
 g - 3 scrolls of enchant weapon {unknown}
 i - a scroll of magic mapping
 j - 4 scrolls of enchant armour {unknown}
 y - 3 scrolls of summoning
 z - a scroll of holy word {unknown}
 A - 9 scrolls of teleportation {unknown}
 D - 3 scrolls of immolation {unknown}
 F - a scroll of fear
 G - 2 scrolls of noise {unknown}
 J - a scroll of fog {unknown}
 K - 2 scrolls of identify
Potions
 d - 2 potions of might
 l - 3 potions of heal wounds {unknown}
 m - 2 potions of berserk rage
 o - 2 potions of ambrosia {unknown}
 r - 3 potions of lignification {unknown}
 u - a potion of magic {unknown}
 w - 4 potions of curing
 B - a potion of haste {unknown}
 C - a potion of degeneration {unknown}


   Skills:
 + Level 8.8 Fighting
 + Level 7.8 Maces & Flails
 + Level 8.1 Armour
 + Level 8.0 Shields


You had 9 spell levels left.
You didn't know any spells.
Your spell library contained the following spells:

 Spells                   Type           Power      Damage    Failure   Level
 Summon Small Mammal      Summ           0%         N/A       65%         1
 Call Canine Familiar     Summ           0%         N/A       95%         3
 Summon Guardian Golem    Hex/Summ       0%         N/A       95%         3
 Swiftness                Air            0%         N/A       95%         3
 Invisibility             Hex            0%         N/A       100%        6
 Passwall                 Tmut/Erth      Unusable   N/A       N/A         2

Dungeon Overview and Level Annotations

Branches:
Dungeon (8/15)             Temple (1/1) D:4         Ossuary (visited)
   Lair: D:8-11

Altars:
Ashenzari
Cheibriados
Elyvilon
Fedhas
Gozag
Hepliaklqana
Kikubaaqudgha
Makhleb
Nemelex Xobeh
Okawaru
Qazlal
Ru
Sif Muna
Trog
Uskayaw
Vehumet
Wu Jian
Yredelemnul
Zin
The Shining One

Shops:
D:5 (


Innate Abilities, Weirdness & Mutations

You have very sharp fingernails.
You are partially covered in molten scales. (AC +2)
A weak demonic guardian rushes to your aid.
Your demonic aura causes all spilled blood to erupt in flames.
You cannot study or cast Conjurations magic.
You cannot study or cast Ice magic.
You cannot study or cast Transmutations magic.


Message History

You thump the skeletal warrior!
The skeletal warrior is heavily damaged.
The skeletal warrior hits you with a +5 quarterstaff of speed!!
You hit the skeletal warrior but do no damage.
The skeletal warrior is heavily damaged.
The skeletal warrior is engulfed in blazing flames.
The skeletal warrior hits you with a +5 quarterstaff of speed!
You block the skeletal warrior's attack.
Unknown command.
You hit the skeletal warrior.
The skeletal warrior is severely damaged.
The skeletal warrior is engulfed in blazing flames.
The skeletal warrior hits you but does no damage.
The skeletal warrior is engulfed in blazing flames.
The skeletal warrior barely misses you.
You hit the skeletal warrior but do no damage.
The skeletal warrior is almost destroyed.
The skeletal warrior hits you with a +5 quarterstaff of speed.
You hit the skeletal warrior.
The skeletal warrior is almost destroyed.
The skeletal warrior is engulfed in blazing flames.
The skeletal warrior hits you with a +5 quarterstaff of speed!!
* * * LOW HITPOINT WARNING * * *
The skeletal warrior hits you with a +5 quarterstaff of speed.
* * * LOW HITPOINT WARNING * * *
The skeletal warrior throws a stone.
The stone hits you!!
* * * LOW HITPOINT WARNING * * *
A demonic guardian appears!
Things that are here:
a +0 shortbow; 21 arrows; a centaur corpse You swap places.
Your ufetubus hits the skeletal warrior but does no damage. x2
The skeletal warrior hits your ufetubus with a +5 quarterstaff of speed!
Your ufetubus dies!
Your ufetubus disappears in a puff of smoke!
The skeletal warrior throws a stone.
The stone hits you.
* * * LOW HITPOINT WARNING * * *
A demonic guardian appears!
The skeletal warrior throws a stone.
The stone hits you.
You die...

# #..#.#####.##.# ..# #
#..##.##..###.####'#### #
#...##..####.##.......## #
#... #####..##.........## #
##....###'###.....#.....###+
#
##................./.......
# ##....)....>..#.#..# #
##########5#.# #z.# # #@# #
#..# # #.# #..# # #.# #..# #
#§# #..####### #§#
#......... #z#####.########
#.......# #########


You could see a skeletal warrior (ally target) and a friendly quasit (summoned).

Vanquished Creatures
  2 hydras (D:8)
  A tengu warrior (D:8)
  A troll (D:8)
  Sigmund (D:2)
  A vampire (D:8)
  6 yaks
  A steam dragon (D:8)
  A water moccasin (D:8)
  3 black bears
  A necrophage (D:6)
  2 ogres
  2 centaurs (D:8)
  A phantom (D:4)
  A kobold brigand (D:8)
  5 elf zombies (Ossuary)
  2 bullfrogs (D:8)
  Blork the orc (D:5)
  3 gnoll sergeants
  4 scorpions
  A water moccasin skeleton (D:5)
  4 killer bees (D:7)
  A howler monkey (D:7)
  A bullfrog zombie (D:6)
  8 centaur zombies
  3 hounds
  A jelly (D:4)
  A centaur skeleton (D:6)
  2 bullfrog skeletons (D:5)
  2 iguanas
  2 gnoll shamans
  6 orc wizards
  3 mummies (Ossuary)
  A howler monkey zombie (D:6)
  Robin (D:2)
  5 adders
  18 gnolls
  A shadow imp (D:6)
  3 white imps
  2 ufetubi
  2 adder skeletons (D:4)
  5 worms
  5 dart slugs
  8 orcs
  3 ball pythons
  7 endoplasms
  4 giant cockroaches
  7 hobgoblins
  8 kobolds
  7 quokkas
  6 bats
  2 frilled lizards (D:1)
  15 goblins
  A rat (D:2)
185 creatures vanquished.

Vanquished Creatures (collateral kills)
  3 gnolls
  An orc (D:4)
  A goblin (D:2)
  2 hobgoblins (D:2)
  A quokka (D:2)
8 creatures vanquished.

Vanquished Creatures (others)
  2 plants (D:3)
2 creatures vanquished.

Grand Total: 195 creatures vanquished

Notes
Turn   | Place    | Note
-------+----------+-------------------------------------------
     0 | D:1      | siradein the Demonspawn Fighter began the quest for the
                  | Orb.
     0 | D:1      | Reached XP level 1. HP: 18/18 MP: 1/1
   173 | D:1      | Found a faded altar of an unknown god.
   299 | D:1      | Gained mutation: Your demonic aura sometimes causes spilled
                  | blood to erupt in flames. [demonic ancestry]
   299 | D:1      | Reached XP level 2. HP: 16/24 MP: 2/2
  1067 | D:1      | Gained mutation: A weak demonic guardian rushes to your
                  | aid. [demonic ancestry]
  1067 | D:1      | Reached XP level 3. HP: 29/29 MP: 3/3
  1456 | D:2      | Noticed Sigmund
  1547 | D:2      | Killed Sigmund
  1548 | D:2      | Gained mutation: Your demonic aura often causes spilled
                  | blood to erupt in flames. [demonic ancestry]
  1548 | D:2      | Reached XP level 4. HP: 20/37 MP: 4/4
  1548 | D:2      | Reached XP level 5. HP: 22/42 MP: 5/5
  1580 | D:2      | Noticed Robin
  1587 | D:2      | Killed Robin
  2056 | D:3      | Found a stormy altar of Qazlal.
  2056 | D:3      | Found a bloodstained altar of Trog.
  2178 | D:3      | Gained mutation: You are partially covered in molten
                  | scales. (AC +2) [demonic ancestry]
  2178 | D:3      | Reached XP level 6. HP: 48/48 MP: 6/6
  3098 | D:4      | Found a sand-covered staircase.
  3108 | Ossuary  | Entered an ossuary
  3210 | Ossuary  | Gained mutation: You have sharp fingernails. [demonic
                  | ancestry]
  3210 | Ossuary  | Reached XP level 7. HP: 52/55 MP: 7/7
  3280 | Ossuary  | Reached skill level 5 in Fighting
  3392 | Ossuary  | Reached skill level 5 in Armour
  3474 | D:4      | Reached XP level 8. HP: 61/63 MP: 8/8
  3490 | D:4      | Reached skill level 5 in Shields
  3645 | D:4      | Found a burning altar of Makhleb.
  4005 | D:4      | Found a staircase to the Ecumenical Temple.
  4017 | Temple   | Entered the Ecumenical Temple
  4024 | Temple   | Became a worshipper of Ru the Awakened
  4156 | D:5      | Entered Level 5 of the Dungeon
  4165 | D:5      | Found Zippagol's Weapon Emporium.
  4183 | D:5      | Bought a +0 morningstar for 44 gold pieces
  4370 | D:5      | Reached skill level 5 in Maces & Flails
  4739 | D:5      | Noticed Blork the orc
  4744 | D:5      | Killed Blork the orc
  4977 | D:6      | HP: 3/65 [orc (2)]
  5172 | D:6      | Gained mutation: You cannot study or cast Ice magic. [Ru
                  | sacrifice]
  5172 | D:6      | Gained mutation: You cannot study or cast Transmutations
                  | magic. [Ru sacrifice]
  5172 | D:6      | Gained mutation: You cannot study or cast Conjurations
                  | magic. [Ru sacrifice]
  5172 | D:6      | Reached * piety under Ru
  5295 | D:6      | Gained mutation: You have very sharp fingernails. [demonic
                  | ancestry]
  5295 | D:6      | Reached XP level 9. HP: 50/71 MP: 9/9
  5754 | D:6      | Found a basalt altar of Yredelemnul.
  6080 | D:7      | Found an opulent altar of Gozag.
  6695 | D:8      | Gained mutation: Your demonic aura causes all spilled blood
                  | to erupt in flames. [demonic ancestry]
  6695 | D:8      | Reached XP level 10. HP: 62/80 MP: 10/10
  6732 | D:8      | Noticed an eight-headed hydra
  6751 | D:8      | Noticed a tengu warrior
  6780 | D:8      | Killed an eight-headed hydra
  6787 | D:8      | Killed a tengu warrior
  7049 | D:8      | Noticed a six-headed hydra
  7092 | D:8      | Killed a six-headed hydra
  7184 | D:8      | Noticed a skeletal warrior
  7218 | D:8      | HP: 3/82 [skeletal warrior/stone (18)]
  7221 | D:8      | Hit by a stone thrown by a skeletal warrior

Illustrated notes

Levels and vault maps discovered:
D:1:      dpeg_arrival_solitude, layout_rooms, chequers_ecumenical_altar_simple,
          grunt_decor_mini_mirrors, minmay_misc_feat_tiny
D:2:      layout_loops_ring, basic_altar, chequers_serial_rivers_micro_a,
          uniq_robin, uniq_sigmund
D:3:      layout_basic, gammafunk_temple_overflow_wave, serial_bayou_crossing
D:4:      layout_basic, mainiacjoe_overflow_chevrons,
          minmay_temple_entry_nine_rooms, lightli_ossuary_entry_decrepit_ruins,
          grunt_decor_arrowhead
D:5:      layout_cave_pods, serial_shops, nicolae_shop_stone, uniq_blork_the_orc
D:6:      layout_basic, mainiacjoe_overflow_alcove_2, minmay_misc_feat_iff,
          kennysheep_generic_room_5
D:7:      layout_rooms, nicolae_gozag_seed_capital, kennysheep_nub
D:8:      minmay_the_grid_octo_tiled_octocenter [minmay_the_grid_octo_clover_2,
          minmay_the_grid_octo_fan_narrow, minmay_the_grid_octo_tetromino_candy,
          minmay_the_grid_octo_chip, minmay_the_grid_octo_prize_star,
          minmay_the_grid_square_5x5_lines,
          minmay_the_grid_square_5x5_half_checkered,
          minmay_the_grid_square_5x5_tie,
          minmay_the_grid_square_5x5_two_walls_b], layout_basic,
          nicolae_dithmenos_shadow_blocks, nrook_loot_triangle
Temple:   nicolae_temple_no_exploring_needed

Skill      XL: |  1  2  3  4  5  6  7  8  9 10 |
---------------+-------------------------------+-----
Maces & Flails | 2 3 4 5 6 7 |  7.8
Shields        | 3 4 6 7 8 |  8.0
Armour         | 3 4 5 6 7 8 |  8.1
Fighting       | 4 5 6 7 8 |  8.8

Action                   |  1- 3 |  4- 6 |  7- 9 | 10-12 || total
-------------------------+-------+-------+-------+-------++-------
Melee: Flail             |   133 |   164 |   202 |       ||   499
       Morningstar       |       |       |   285 |    41 ||   326
Throw: Dart              |       |       |     1 |       ||     1
Invok: Sacrifice Arcana  |       |       |     1 |       ||     1
  Use: Scroll            |       |       |     6 |       ||     6
       Potion            |       |       |     2 |       ||     2
Armor: Scale mail        |    77 |   103 |   345 |    45 ||   570
Dodge: Dodged            |    60 |    52 |   239 |    29 ||   380
Block: Buckler           |    37 |    42 |   135 |    28 ||   242

Table legend: (Time is in decaauts)
 A = Elapsed time spent in this place.
 B = Non-inter-level travel time spent in this place.
 C = Inter-level travel time spent in this place.
 D = Time resting spent in this place.
 E = Time spent auto-exploring this place.
 F = Levels seen in this place.
 G = Mean time per level.
                   A        B        C        D        E       F      G
               +--------+--------+--------+--------+--------+-----+--------+
         Total |   7412 |   7192 |    220 |     55 |   5032 |  10 |  741.2 |
       Dungeon |   7061 |   6841 |    220 |     55 |   4967 |   8 |  882.6 |
        Temple |     14 |     14 |      0 |      0 |      0 |   1 |   14.0 |
       Ossuary |    336 |    336 |      0 |      0 |     65 |   1 |  336.0 |
               +--------+--------+--------+--------+--------+-----+--------+

Top non-repeatable levels by time:
     D:6: 1186 daAuts
     D:3: 1138 daAuts
     D:1: 1132 daAuts
     D:2: 856 daAuts
     D:8: 802 daAuts
     D:4: 801 daAuts
     D:5: 698 daAuts
     D:7: 445 daAuts
 Ossuary: 336 daAuts
  Temple: 14 daAuts
